 Dungeon Crawl Stone Soup version 0.29-a0-813-g4a14ea37d6 (webtiles) character file.

Game seed: 16690939644945412054

467 gobodom the Fighter (level 7, -3/60 HPs)
             Began as a Gnoll Wanderer on July 4, 2022.
             Slain by a gnoll sergeant
             ... wielding a +0 spear
              (13 damage)
             ... on level 4 of the Dungeon.
             The game lasted 00:11:41 (3235 turns).

gobodom the Fighter (Gnoll Wanderer)                Turns: 3235, Time: 00:11:42

Health: -3/60      AC:  3    Str: 13    XL:     7   Next: 8%
Magic:  10/10      EV: 12    Int: 11    God:
Gold:   166        SH:  7    Dex: 12    Spells: 9/10 levels left

rFire   . . .      SeeInvis .   a - +1 hand axe (chaos)
rCold   . . .      Faith    .   b - +2 buckler
rNeg    . . .      Spirit   .   d - +0 robe
rPois   +          Reflect  .   (helmet restricted)
rElec   .          Harm     .   (no cloak)
rCorr   .          Rampage  .   s - +0 pair of gloves
Will    .....                   (no boots)
Stlth   ++........              (no amulet)
HPRegen 0.00/turn               f - ring of poison resistance
MPRegen 0.12/turn               i - +4 ring of slaying

@: inhibited regen
A: fangs 1, strong nose, distributed training, horns 1, frail 1, inhibited
regeneration, devolution 1
a: no special abilities


You were on level 4 of the Dungeon.
You visited 1 branch of the dungeon, and saw 4 of its levels.

You collected 166 gold pieces.

Inventory:

Hand Weapons
 a - a +1 hand axe of chaos (weapon)
 h - a +1 mace of protection
 l - a +1 dagger of holy wrath
 t - a +1 vorpal flail
Missiles
 g - 7 poisoned darts (quivered)
Armour
 b - a +2 buckler (worn)
 d - a +0 robe (worn)
 s - a +0 pair of gloves (worn)
Jewellery
 f - a ring of poison resistance (left hand)
 i - a +4 ring of slaying (right hand)
Scrolls
 c - 2 scrolls of blinking
 r - a scroll of poison
Potions
 e - a potion of attraction {unknown}
 j - 2 potions of cancellation {unknown}
 n - 2 potions of might
 p - 2 potions of haste


   Skills:
 + Level 10.7 Fighting
 + Level 2.3 Short Blades
 + Level 2.3 Long Blades
 + Level 3.5 Axes
 + Level 2.3 Maces & Flails
 + Level 2.3 Polearms
 + Level 2.3 Staves
 + Level 2.3 Ranged Weapons
 + Level 2.3 Throwing
 + Level 3.5 Armour
 + Level 2.3 Dodging
 + Level 3.3 Stealth
 + Level 5.2 Shields
 + Level 2.3 Unarmed Combat
 + Level 2.3 Spellcasting
 + Level 1.9 Conjurations
 + Level 1.9 Hexes
 + Level 1.9 Summonings
 + Level 1.9 Necromancy
 + Level 1.9 Translocations
 + Level 1.9 Transmutations
 + Level 1.9 Fire Magic
 + Level 1.9 Ice Magic
 + Level 1.9 Air Magic
 + Level 1.9 Earth Magic
 + Level 1.9 Poison Magic
 + Level 2.6 Invocations
 + Level 2.3 Evocations


You had 9 spell levels left.
You knew the following spells:

 Your Spells              Type           Power      Damage    Failure   Level
a - Magic Dart            Conj           20%        1d4       16%         1

Your spell library contained the following spells:

 Spells                   Type           Power      Damage    Failure   Level
 Beastly Appendage        Tmut           10%        N/A       16%         1
 Call Imp                 Summ           5%         N/A       24%         2
 Wereblood                Tmut           5%         N/A       24%         2
 Mephitic Cloud           Conj/Pois/Air  5%         N/A       43%         3
 Spider Form              Tmut/Pois      5%         N/A       43%         3


Dungeon Overview and Level Annotations

Branches:
Dungeon (4/15)
 Temple: D:4-7

Altars:
Okawaru

Shops:
D:2 [

Annotations:
D:4 Edmund


Innate Abilities, Weirdness & Mutations

You have very sharp teeth.
Your uncanny sense of smell can sniff out nearby items.
Your experience applies equally to all skills.
You have a pair of small horns on your head.
You are frail. (-10% HP)
You do not regenerate when monsters are visible.
You have hidden genetic defects.


Message History

Edmund grinds his teeth, and then sighs.
The gnoll hits you but does no damage. You block the gnoll's attack.
The gnoll sergeant hits you from afar with a +0 spear!
You slash the gnoll!
The gnoll suddenly seems more agile.
Your bite misses the gnoll.
The gnoll is severely wounded.
The gnoll misses you. The gnoll completely misses you.
You block the gnoll sergeant's attack.
You hit the gnoll. You freeze the gnoll. Your headbutt misses the gnoll.
The gnoll is almost dead.
You block the gnoll's attack.
The gnoll sergeant hits you from afar with a +0 spear.
The gnoll barely misses you. You block the gnoll sergeant's attack.
You block the gnoll's attack.
You slash the gnoll! You burn the gnoll.
You kill the gnoll!
You closely miss the gnoll. You block the gnoll's attack.
The gnoll hits you from afar with a +0 spear.
The gnoll sergeant misses you.
You slash Edmund!
You feel better.
Edmund is lightly wounded.
You hit the gnoll. You drain the gnoll. Edmund closely misses you.
You block the gnoll's attack.
The gnoll hits you from afar with a +0 spear.
The gnoll sergeant completely misses you.
You hit Edmund but do no damage.
Edmund appears confused.
You headbutt Edmund.
Edmund is moderately wounded.
You hit the gnoll.
You kill the gnoll!
Edmund shouts, "What's happening?!"
Edmund drinks a potion.
Edmund is healed!
Edmund seems less confused.
The gnoll hits you from afar with a +0 spear.
You block the gnoll sergeant's attack.
You hit Edmund but do no damage.
Edmund is lightly wounded.
Edmund hits you with a +1 flail of venom!
* * * LOW HITPOINT WARNING * * *
You block the gnoll's attack.
The gnoll sergeant hits you from afar with a +0 spear!
You die...

##### ....# ####
##### ....# #
...g....# ..<.# ..
.. ....## '######
#.# #.#.#...# .
..###.# ..
..g....#.. ......#
#.#.#.#)#g#..'..
......#
......)@@....#
.######
..#..###..#### ∆
>###..# #
###'##.###########
..#...#
#............#...#
..'...#
#............#...#
.######
#............'...#
.##...#
#............#[..+
......#
#...##..###.###..#
###...#
##...###'###.###..#


You could see Edmund, a gnoll sergeant and a gnoll.

Vanquished Creatures
  Sigmund (D:2)
  A howler monkey (D:4)
  2 hounds (D:4)
  2 iguanas (D:4)
  4 gnolls (D:4)
  5 adders
  A worm (D:3)
  2 dart slugs (D:3)
  5 orcs
  5 bats
  8 endoplasms
  5 giant cockroaches
  4 goblins
  A hobgoblin (D:1)
  7 jackals (D:2)
  A quokka (D:2)
  10 ball pythons
  4 frilled lizards
  4 kobolds
  7 rats
79 creatures vanquished.

Vanquished Creatures (others)
  4 fungi (D:2)
  4 plants (D:2)
8 creatures vanquished.

Grand Total: 87 creatures vanquished

Notes
Turn   | Place    | Note
-------+----------+-------------------------------------------
     0 | D:1      | Reached skill level 10 in Fighting
     0 | D:1      | gobodom the Gnoll Wanderer began the quest for the Orb.
     0 | D:1      | gobodom set off with the following items: a +1 hand axe, a
                  | +2 buckler, a scroll of blinking, a +0 robe.
     0 | D:1      | Reached XP level 1. HP: 29/29 MP: 1/1
     0 | D:1      | Noticed an orb of fire
     1 | D:1      | Noticed an iron dragon
     3 | D:1      | Noticed an orb of fire
     3 | D:1      | Noticed an iron dragon
     5 | D:1      | Noticed a large abomination
     7 | D:1      | Noticed an iron dragon
    11 | D:1      | Noticed an iron dragon
    11 | D:1      | Noticed a tentacled monstrosity
    13 | D:1      | Noticed an ice dragon
    14 | D:1      | Noticed an orb of fire
    17 | D:1      | Noticed a white draconian
    17 | D:1      | Noticed an orb of fire
    19 | D:1      | Noticed a shadow dragon
    19 | D:1      | Noticed a shadow dragon
    19 | D:1      | Noticed an orb of fire
    21 | D:1      | Noticed a shadow dragon
    23 | D:1      | Noticed an orb of fire
    79 | D:1      | Reached XP level 2. HP: 31/36 MP: 2/2
   707 | D:1      | Reached XP level 3. HP: 42/42 MP: 3/3
   773 | D:2      | Noticed Sigmund
   788 | D:2      | Killed Sigmund
   789 | D:2      | Reached skill level 1 in Short Blades
   789 | D:2      | Reached skill level 1 in Long Blades
   789 | D:2      | Reached skill level 1 in Maces & Flails
   789 | D:2      | Reached skill level 1 in Polearms
   789 | D:2      | Reached skill level 1 in Staves
   789 | D:2      | Reached skill level 1 in Ranged Weapons
   789 | D:2      | Reached skill level 1 in Throwing
   789 | D:2      | Reached skill level 1 in Dodging
   789 | D:2      | Reached skill level 1 in Unarmed Combat
   789 | D:2      | Reached skill level 1 in Spellcasting
   789 | D:2      | Reached skill level 1 in Conjurations
   789 | D:2      | Reached skill level 1 in Hexes
   789 | D:2      | Reached skill level 1 in Summonings
   789 | D:2      | Reached skill level 1 in Necromancy
   789 | D:2      | Reached skill level 1 in Translocations
   789 | D:2      | Reached skill level 1 in Transmutations
   789 | D:2      | Reached skill level 1 in Fire Magic
   789 | D:2      | Reached skill level 1 in Ice Magic
   789 | D:2      | Reached skill level 1 in Air Magic
   789 | D:2      | Reached skill level 1 in Earth Magic
   789 | D:2      | Reached skill level 1 in Poison Magic
   789 | D:2      | Reached skill level 1 in Invocations
   789 | D:2      | Reached skill level 1 in Evocations
   789 | D:2      | Reached XP level 4. HP: 48/48 MP: 3/6
   789 | D:2      | Reached XP level 5. HP: 54/54 MP: 3/7
   914 | D:2      | Found a faded altar of an unknown god.
  1451 | D:2      | Found Volucimu's Antique Armour Emporium.
  1971 | D:3      | Learned a level 1 spell: Magic Dart
  2217 | D:3      | Reached XP level 6. HP: 61/61 MP: 8/8
  2556 | D:4      | Reached skill level 5 in Shields
  2814 | D:4      | Gained mutation: Your muscles are strong. (Str +4, Int/Dex
                  | -1) [potion of mutation]
  2814 | D:4      | Gained mutation: You are clumsy. (Dex -2) [potion of
                  | mutation]
  2814 | D:4      | Gained mutation: You do not regenerate when monsters are
                  | visible. [potion of mutation]
  2814 | D:4      | Gained mutation: You are somewhat resistant to further
                  | mutation. [potion of mutation]
  2823 | D:4      | Lost mutation: You are clumsy. (Dex -2) [potion of
                  | mutation]
  2823 | D:4      | Lost mutation: You are somewhat resistant to further
                  | mutation. [potion of mutation]
  2823 | D:4      | Gained mutation: You have a pair of small horns on your
                  | head. [potion of mutation]
  2823 | D:4      | Lost mutation: Your muscles are strong. (Str +4, Int/Dex
                  | -1) [potion of mutation]
  2823 | D:4      | Gained mutation: You have hidden genetic defects. [potion
                  | of mutation]
  2994 | D:4      | Gained mutation: You are frail. (-10% HP) [hidden defects]
  3140 | D:4      | Found an iron altar of Okawaru.
  3228 | D:4      | Reached XP level 7. HP: 48/60 MP: 10/10
  3228 | D:4      | Noticed Edmund
  3235 | D:4      | Slain by a gnoll sergeant

Illustrated notes

Levels and vault maps discovered:
D:1:      shiori_arrival_whats_in_store_for_you, layout_basic,
          minmay_misc_feat_alley
D:2:      layout_loops_corners, dreamdust_ecumenical_altar_hidden_monk_grotto,
          serial_shops, shop, minmay_misc_feat_enclosed, kennysheep_cross_room,
          uniq_sigmund
D:3:      layout_basic
D:4:      layout_gridville, kennysheep_okawaru_gauntlet,
          minmay_misc_feat_pillars, hangedman_decor_slide_cut,
          corexii_item_surrounded_by_moat, uniq_edmund

Skill      XL: |  1  2  3  4  5  6 |
---------------+-------------------+-----
Fighting       | | 10.7
Short Blades   | 1 2 |  2.3
Long Blades    | 1 2 |  2.3
Axes           | 3 |  3.5
Maces & Flails | 1 2 |  2.3
Polearms       | 1 2 |  2.3
Staves         | 1 2 |  2.3
Ranged Weapons | 1 2 |  2.3
Throwing       | 1 2 |  2.3
Armour         | 3 |  3.5
Dodging        | 1 2 |  2.3
Unarmed Combat | 1 2 |  2.3
Spellcasting   | 1 2 |  2.3
Conjurations   | 1 |  1.9
Hexes          | 1 |  1.9
Summonings     | 1 |  1.9
Necromancy     | 1 |  1.9
Translocations | 1 |  1.9
Transmutations | 1 |  1.9
Fire Magic     | 1 |  1.9
Ice Magic      | 1 |  1.9
Air Magic      | 1 |  1.9
Earth Magic    | 1 |  1.9
Poison Magic   | 1 |  1.9
Invocations    | 1 2 |  2.6
Evocations     | 1 2 |  2.3
Stealth        | 3 |  3.3
Shields        | 5 |  5.2

Action                   |  1- 3 |  4- 6 |  7- 9 || total
-------------------------+-------+-------+-------++-------
Melee: Hand axe          |    69 |    20 |     8 ||    97
       Bite              |     5 |     5 |       ||    10
       Mace              |     9 |    67 |       ||    76
       Flail             |       |    24 |       ||    24
       Headbutt          |       |     2 |     1 ||     3
 Cast: Magic Dart        |       |     6 |       ||     6
  Use: Potion            |       |     7 |       ||     7
       Scroll            |       |     4 |       ||     4
 Stab: Sleeping          |     2 |    11 |       ||    13
Armor: Robe              |    35 |    29 |     1 ||    65
Dodge: Dodged            |    54 |    57 |     6 ||   117
Block: Buckler           |    38 |    37 |     9 ||    84

Table legend: (Time is in decaauts)
 A = Elapsed time spent in this place.
 B = Non-inter-level travel time spent in this place.
 C = Inter-level travel time spent in this place.
 D = Time resting spent in this place.
 E = Time spent auto-exploring this place.
 F = Levels seen in this place.
 G = Mean time per level.
                   A        B        C        D        E       F      G
               +--------+--------+--------+--------+--------+-----+--------+
         Total |   3287 |   3198 |     89 |      1 |   2412 |   4 |  821.8 |
       Dungeon |   3287 |   3198 |     89 |      1 |   2412 |   4 |  821.8 |
               +--------+--------+--------+--------+--------+-----+--------+

Top non-repeatable levels by time:
     D:2: 1161 daAuts
     D:1: 787 daAuts
     D:4: 747 daAuts
     D:3: 591 daAuts
